 Dungeon Crawl Stone Soup version 0.31.0-12-g77e489cdc1 (webtiles) character file.

Game seed: 4271453736975725699

37 ezpacito the Trooper (level 3, -5/43 HPs)
             Began as a Demonspawn Berserker on Feb 15, 2024.
             Was a Follower of Trog.
             Slain by a ribbon worm (8 damage)
             ... on level 2 of the Dungeon.
             The game lasted 00:02:08 (938 turns).

ezpacito the Trooper (Demonspawn Berserker)          Turns: 938, Time: 00:02:09

Health: -5/43      AC:  2    Str: 17    XL:     3   Next: 23%
Magic:  3/3        EV: 12    Int:  7    God:    Trog [*.....]
Gold:   31         SH:  0    Dex: 14    Spells: 2/2 levels left

rFire   . . .        a - +0 hand axe
rCold   . . .        (no shield)
rNeg    . . .        b - +0 animal skin
rPois   .            (no helmet)
rElec   .            g - scarf {+Inv}
rCorr   .            (no gloves)
SInv    .            (no boots)
Will    .....        (no amulet) Stlth
                     (no ring)
HPRegen 0.27/turn    (no ring)
MPRegen 0.16/turn

%: no passive effects
@: berserking, very quick
A: magic regeneration
a: Renounce Religion, Evoke Invisibility, Berserk


You were on level 2 of the Dungeon.
You worshipped Trog.
Trog was aware of your devotion.
You visited 1 branch of the dungeon, and saw 2 of its levels.

You collected 31 gold pieces.

Inventory:

Hand Weapons
 a - a +0 hand axe (weapon)
Missiles
 c - 24 stones (quivered)
Armour
 b - a +0 animal skin (worn)
 g - a scarf of invisibility (worn)
Jewellery
 f - a ring of ice
Scrolls
 h - a scroll of enchant armour {unknown}
Potions
 d - a potion of haste {unknown}
 e - 2 potions of curing {unknown}


   Skills:
 * Level 3.3 Fighting
 * Level 3.0 Axes
 * Level 2.1 Armour
 * Level 2.2 Dodging
 + Level 0.7 Stealth
 + Level 0.3 Unarmed Combat


You had 2 spell levels left.
You didn't know any spells.
Your spell library was empty.

Dungeon Overview and Level Annotations

Branches:
Dungeon (2/15)

Altars:


Innate Abilities, Weirdness & Mutations

You regenerate magic rapidly.


Message History

The ribbon worm is lightly wounded.
The ribbon worm bites you!
You completely miss the ribbon worm. You hit the ribbon worm.
The ribbon worm is moderately wounded.
The ribbon worm expels a string of sticky webbing.
The stream of webbing hits you but does no damage.
You are caught in a web!
The web tears apart.
The ribbon worm bites you.
You hit the ribbon worm.
The ribbon worm is moderately wounded.
The ribbon worm bites you but does no damage.
You hit the ribbon worm.
The ribbon worm is moderately wounded.
The ribbon worm expels a string of sticky webbing.
The stream of webbing hits you but does no damage.
You are caught in a web!
You struggle to detach yourself from the web.
The ribbon worm bites you.
You struggle to detach yourself from the web.
The ribbon worm closely misses you.
The web tears apart.
You hit the ribbon worm but do no damage.
The ribbon worm is moderately wounded.
The ribbon worm barely misses you.
You barely miss the ribbon worm.
The ribbon worm is lightly wounded.
The ribbon worm bites you.
* * * LOW HITPOINT WARNING * * *
You hit the ribbon worm.
The ribbon worm is moderately wounded.
The ribbon worm bites you!
* * * LOW HITPOINT WARNING * * *
A red film seems to cover your vision as you go berserk!
You feel yourself moving faster!
You feel mighty! The ribbon worm barely misses you.
You hit the ribbon worm.
The ribbon worm is heavily wounded.
The ribbon worm bites you!
You die...

#.# #.# #.# #.#
#.### ##.†.##
##.....##
#.#####.......#
#....w@.......#
#######.......#
##.....##
.........##
#####.#.##
#.#.# #.#.#
#...# #..##


You could see a ribbon worm.

Vanquished Creatures
  A dart slug (D:1)
  2 bats
  3 endoplasms (D:1)
  4 giant cockroaches (D:1)
  2 goblins (D:1)
  6 hobgoblins
  2 jackals (D:1)
  A quokka (D:2)
  A ball python (D:1)
  6 kobolds (D:1)
  A rat (D:1)
29 creatures vanquished.

Notes
Turn   | Place    | Note
-------+----------+-------------------------------------------
     0 | D:1      | ezpacito the Demonspawn Berserker began the quest for the
                  | Orb.
     0 | D:1      | Reached XP level 1. HP: 18/18 MP: 1/1
   260 | D:1      | Gained mutation: You regenerate magic rapidly. [demonic
                  | ancestry]
   260 | D:1      | Reached XP level 2. HP: 15/24 MP: 2/2
   631 | D:1      | Reached XP level 3. HP: 26/29 MP: 3/3
   938 | D:2      | Slain by a ribbon worm

Illustrated notes

Levels and vault maps discovered:
D:1:      dpeg_arrival_rhombi, layout_basic
D:2:      layout_loops_ring, kennysheep_pointless_box,
          minmay_misc_feat_more_columns, uniq_sigmund

Skill      XL: |  1  2  3 |
---------------+----------+-----
Armour         | 2 |  2.1
Dodging        | 2 |  2.2
Axes           | 3 |  3.0
Fighting       | |  3.3
Stealth        | |  0.7
Unarmed Combat | |  0.3

Action                     || total
---------------------------++-------
  Melee: Hand axe          ||   117
         Punch             ||     1
 Invoke: Berserk           ||     1
   Stab: Sleeping          ||     2
 Armour: Animal skin       ||    78
  Dodge: Dodged            ||    80
